 Dungeon Crawl Stone Soup version 0.31.0-32-g396128a36d (webtiles) character file.

Game seed: 6463307773223090598

2 KingCobr1 the Shooter (level 1, 0/13 HPs)
             Began as a Gargoyle Hunter on Apr 2, 2024.
             Killed from afar by a dart slug (2 damage)
             ... with a slug dart
             ... on level 1 of the Dungeon.
             The game lasted 00:01:38 (236 turns).

KingCobr1 the Shooter (Gargoyle Hunter)              Turns: 236, Time: 00:01:39

Health: 0/13       AC:  5    Str: 14    XL:     1   Next: 40%
Magic:  1/1        EV: 11    Int:  9    God:
Gold:   0          SH:  0    Dex: 13    Spells: 0/0 levels left

rFire   . . .        a - +0 shortbow
rCold   . . .        (shield currently unavailable)
rNeg    + . .        c - +0 leather armour
rPois   ∞            (no helmet)
rElec   +            (no cloak)
rCorr   .            (no gloves)
SInv    .            (no boots)
Will    .....        (no amulet)
Stlth   +            (no ring)
HPRegen 0.22/turn    (no ring)
MPRegen 0.07/turn

%: no passive effects
@: no status effects
A: sickness immunity, AC +2, negative energy resistance 1, electricity
resistance, torment resistance 1, petrification resistance
a: no special abilities


You were on level 1 of the Dungeon.
You visited 1 branch of the dungeon, and saw 1 of its levels.

Inventory:

Hand Weapons
 a - a +0 shortbow (weapon)
Armour
 c - a +0 leather armour (worn)
Scrolls
 b - a scroll of butterflies


   Skills:
 + Level 2.3 Fighting
 + Level 4.0 Ranged Weapons
 + Level 1.5 Dodging
 + Level 1.3 Stealth


You couldn't memorise any spells.
You didn't know any spells.
Your spell library was empty.

Dungeon Overview and Level Annotations

Branches:
Dungeon (1/15)

Altars:

Annotations:
D:1 1 exclusion


Innate Abilities, Weirdness & Mutations

You are immune to sickness and miasma.
Your stone body is resilient. (AC +2)
You are immune to poison.
You resist negative energy. (rN+)
You are resistant to electric shocks. (rElec)
You are resistant to unholy torment.
You are immune to petrification.


Message History

The floor.
A goblin comes into view. It is wielding a +0 dagger.
A kobold and a dart slug come into view.
Found 7 gold pieces.
The dart slug launches a dart at you. The slug dart hits you.
The kobold shouts!
The goblin closely misses you.
A bat comes into view.
You shoot an arrow. The arrow hits the goblin.
You kill the goblin!
The bat hits you but does no damage. The bat closely misses you.
The bat hits you but does no damage. The dart slug launches a dart at you.
The slug dart misses you.
Things that are here:
a +0 dagger; a goblin corpse You shoot an arrow.
The arrow barely misses the kobold.
The bat barely misses you. The kobold hits you but does no damage.
The dart slug launches a dart at you.
The slug dart hits you but does no damage.
You shoot an arrow. The arrow completely misses the kobold.
The kobold hits you but does no damage. The bat hits you but does no damage.
The dart slug launches a dart at you. The slug dart hits you.
You shoot an arrow. The arrow barely misses the kobold.
The bat hits you but does no damage. The kobold closely misses you.
You shoot an arrow. The arrow closely misses the bat.
The bat hits you but does no damage. The kobold hits you with a +0 dagger.
The dart slug launches a dart at you. The slug dart misses you.
The kobold hits you with a +0 dagger.
* * * LOW HITPOINT WARNING * * *
You shoot an arrow. The arrow hits the kobold.
You kill the kobold!
The bat barely misses you.
You shoot an arrow. The arrow barely misses the bat.
The bat hits you.
* * * LOW HITPOINT WARNING * * *
The dart slug launches a dart at you. The slug dart hits you.
You die...

#.####.##.####.#
#..............#
####....#######
##.......#
##.....##
##...## #...#
#...# ###
#.@b#.....
#.).......
.........w.....
...............
..............$
.#.##..........
... ##...#.....
.. ....######
....#


You could see a dart slug and a bat.

Vanquished Creatures
  A goblin (D:1)
  A kobold (D:1)
2 creatures vanquished.

Notes
Turn   | Place    | Note
-------+----------+-------------------------------------------
     0 | D:1      | KingCobr1 the Gargoyle Hunter began the quest for the Orb.
     0 | D:1      | Reached XP level 1. HP: 12/12 MP: 1/1
   236 | D:1      | Killed from afar by a dart slug

Illustrated notes

Levels and vault maps discovered:
D:1:      zelgadis_glass_arrival_small, layout_loops_cross,
          hangedman_decor_diamond_cutter, minmay_tetromino_s2

Action                     || total
---------------------------++-------
   Fire: Shortbow          ||     7
 Armour: Leather armour    ||    14
  Dodge: Dodged            ||     7
